 Dungeon Crawl Stone Soup version 0.27-a0-1144-g0b7d3b79db (webtiles) character file.

Game seed: 8034048625495324369

305 Shayle the Ruffian (level 6, -4/30 HPs)
             Began as a Vine Stalker Warper on May 11, 2021.
             Slain by a wyvern zombie (11 damage)
             ... in an ossuary.
             The game lasted 00:07:09 (2731 turns).

Shayle the Ruffian (Vine Stalker Warper)            Turns: 2731, Time: 00:07:10

Health: -4/30      AC:  3    Str: 15    XL:     6   Next: 39%
Magic:  0/10       EV: 15    Int: 14    God:
Gold:   73         SH:  0    Dex: 13    Spells: 4/9 levels left

rFire    . . .     SeeInvis .     - Unarmed
rCold    . . .     Faith    .   (no shield)
rNeg     . . .     Spirit   +   a - +0 leather armour
rPois    .         Reflect  .   (no helmet)
rElec    .         Harm     .   (no cloak)
rCorr    .         Rampage  .   (no gloves)
Will     .....                  (no boots)
Stlth    +.........             (no amulet)
HPRegen  1.10/turn              b - +4 ring of evasion
MPRegen  0.12/turn              (no ring)

@: no status effects
A: fangs 2, regeneration 1, magic shield, antimagic bite, no potion heal 2
a: no special abilities


You were in an ossuary.
You visited 1 branch of the dungeon, and saw 4 of its levels.
You also visited: Ossuary.

You collected 73 gold pieces.

Inventory:

Hand Weapons
 f - a +2 dagger of holy wrath
Missiles
 d - a boomerang of dispersal (quivered)
Armour
 a - a +0 leather armour (worn)
Jewellery
 b - a +4 ring of evasion (left hand)
Wands
 i - a wand of paralysis (5)
Scrolls
 c - a scroll of blinking
 j - a scroll of immolation {unknown}
 l - a scroll of amnesia {unknown}
Potions
 e - a potion of flight


   Skills:
 - Level 1.7 Fighting
 - Level 0.8 Throwing
 - Level 0.7 Armour
 - Level 1.5 Dodging
 + Level 6.6 Unarmed Combat
 - Level 2.1 Spellcasting
 - Level 3.0 Translocations


You had 4 spell levels left.
You knew the following spells:

 Your Spells              Type           Power      Damage    Failure   Level
a - Blink                 Tloc           N/A        N/A       13%         2
b - Teleport Other        Tloc           9%         N/A       26%         3

Your spell library contained the following spells:

 Spells                   Type           Power      Damage    Failure   Level
 Gell's Gravitas          Tloc           4%         N/A       26%         3
 Lesser Beckoning         Tloc           4%         N/A       26%         3
 Animate Skeleton         Necr           2%         N/A       28%         1
 Pain                     Necr           4%         1d4       28%         1
 Sandblast                Erth           2%         2d4       28%         1
 Passwall                 Tmut/Erth      0%         N/A       41%         2
 Stone Arrow              Conj/Erth      2%         3d7       65%         3
 Vampiric Draining        Necr           0%         2d6       65%         3
 Animate Dead             Necr           0%         N/A       96%         4
 Petrify                  Tmut/Erth      1%         N/A       96%         4
 Manifold Assault         Tloc           9%         N/A       93%         5
 Agony                    Necr           1%         N/A       100%        5
 Lee's Rapid Deconstruct  Erth           0%         3d5*      100%        5


Dungeon Overview and Level Annotations

Branches:
Dungeon (4/15)            Ossuary (1/1)
 Temple: D:4-7

Altars:


Innate Abilities, Weirdness & Mutations

You have extremely sharp teeth.
Your natural rate of healing is unusually fast.
When hurt, damage is shared between your health and your magic reserves.
Your bite disrupts and absorbs the magic of your enemies.
Potions cannot restore your health.


Message History

The killer bee zombie closely misses you.
You punch the killer bee zombie!
Your punch misses the killer bee zombie.
Your bite misses the killer bee zombie.
The killer bee zombie is almost destroyed.
The killer bee zombie hits you.
You closely miss the killer bee zombie. You bite the killer bee zombie.
You destroy the killer bee zombie!
The wyvern zombie barely misses you.
You punch the wyvern zombie!
The wyvern zombie is lightly damaged.
The wyvern zombie misses you.
You hit the wyvern zombie but do no damage.
You bite the wyvern zombie, but do no damage.
The wyvern zombie is lightly damaged.
The wyvern zombie bites you!
You barely miss the wyvern zombie.
The wyvern zombie is lightly damaged.
The wyvern zombie misses you.
You hit the wyvern zombie. You bite the wyvern zombie. You drain its power.
You feel invigorated.
The wyvern zombie is moderately damaged.
The wyvern zombie closely misses you. The wyvern zombie bites you.
You barely miss the wyvern zombie.
You bite the wyvern zombie, but do no damage.
The wyvern zombie is moderately damaged.
The wyvern zombie barely misses you.
You barely miss the wyvern zombie.
You bite the wyvern zombie, but do no damage.
The wyvern zombie is moderately damaged.
The wyvern zombie bites you!
You hit the wyvern zombie.
The wyvern zombie is heavily damaged.
The wyvern zombie bites you but does no damage.
It was a potion of cancellation.
You feel magically purged. The wyvern zombie bites you!
* * * LOW HITPOINT WARNING * * *
It was a potion of curing.
That felt strangely inert.
The wyvern zombie barely misses you. The wyvern zombie bites you!
You die...

≈#
≈####
≈.≈.#
≈≈.#
.≈≈
##≈##
#...#
#Z∩.#
#@.∩#
#####


You could see a wyvern zombie.

Vanquished Creatures
  A centaur zombie (Ossuary)
  A hound (D:3)
  A jelly (D:2)
  2 mummies (Ossuary)
  3 killer bee zombies (Ossuary)
  A howler monkey zombie (Ossuary)
  4 adders
  2 dart slugs (D:1)
  4 orcs (D:3)
  4 ball pythons
  6 bats
  3 endoplasms
  2 giant cockroaches (D:4)
  7 goblins
  5 hobgoblins
  4 jackals
  7 kobolds
  A quokka (D:1)
  A frilled lizard (D:1)
59 creatures vanquished.

Vanquished Creatures (others)
  5 withered plants (Ossuary)
5 creatures vanquished.

Grand Total: 64 creatures vanquished

Notes
Turn   | Place    | Note
-------+----------+-------------------------------------------
     0 | D:1      | Shayle the Vine Stalker Warper began the quest for the Orb.
     0 | D:1      | Reached XP level 1. HP: 11/11 MP: 4/4
     2 | D:1      | Noticed a troll
     4 | D:1      | Noticed a dwarf
     4 | D:1      | Noticed a palentonga
     6 | D:1      | Noticed an elf
     6 | D:1      | Noticed a draconian
     8 | D:1      | Noticed a ghoul
     8 | D:1      | Noticed a felid
    10 | D:1      | Noticed a centaur
    12 | D:1      | Noticed a demigod
    12 | D:1      | Noticed a human
    14 | D:1      | Noticed a gargoyle
    14 | D:1      | Noticed an ogre
    16 | D:1      | Noticed a minotaur
    16 | D:1      | Noticed a naga
    18 | D:1      | Noticed a merfolk
    18 | D:1      | Noticed a vampire
    20 | D:1      | Noticed an octopode
    20 | D:1      | Noticed a demonspawn
    22 | D:1      | Noticed a tengu
    22 | D:1      | Noticed a barachi
    24 | D:1      | Noticed a vine stalker
    24 | D:1      | Noticed a spriggan
    26 | D:1      | Noticed a formicid
   370 | D:1      | Reached XP level 2. HP: 6/15 MP: 3/6
   626 | D:1      | Reached skill level 3 in Unarmed Combat
  1026 | D:1      | Reached XP level 3. HP: 16/18 MP: 7/7
  1902 | D:2      | Reached skill level 4 in Unarmed Combat
  1902 | D:2      | Gained mutation: Your natural rate of healing is unusually
                  | fast. [Vine Stalker growth]
  1902 | D:2      | Reached XP level 4. HP: 9/23 MP: 4/8
  2056 | D:3      | Reached skill level 5 in Unarmed Combat
  2068 | D:3      | Reached XP level 5. HP: 26/26 MP: 5/9
  2331 | D:4      | Noticed a necrophage
  2606 | D:4      | Found a sand-covered staircase.
  2614 | Ossuary  | Entered an ossuary
  2645 | Ossuary  | Reached skill level 6 in Unarmed Combat
  2656 | Ossuary  | Reached XP level 6. HP: 28/30 MP: 6/10
  2702 | Ossuary  | Learned a level 2 spell: Blink
  2706 | Ossuary  | Learned a level 3 spell: Teleport Other
  2731 | Ossuary  | Slain by a wyvern zombie

Illustrated notes

Levels and vault maps discovered:
D:1:      kb_arrival_jail, layout_loops_ring
D:2:      minmay_recursive_quarters, layout_basic, uniq_terence, uniq_robin
D:3:      layout_basic, zin_scriptorium,
          hellmonk_ecumenical_altar_inner_sanctum, grunt_ministairs_1,
          minmay_misc_feat_x
D:4:      layout_rooms, chequers_ossuary_entry_cave
Ossuary:  ossuary_zaba_flooded

Skill      XL: |  1  2  3  4  5 |
---------------+----------------+-----
Unarmed Combat | 3 4 5 6 |  6.6
Fighting       | |  1.7
Throwing       | |  0.8
Armour         | |  0.7
Dodging        | |  1.5
Spellcasting   | |  2.1
Translocations | |  3.0

Action                   |  1- 3 |  4- 6 || total
-------------------------+-------+-------++-------
Melee: Unarmed           |   105 |   165 ||   270
       Bite              |    27 |    39 ||    66
       Punch             |     2 |     4 ||     6
Throw: Boomerang         |     1 |     3 ||     4
  Use: Potion            |       |     5 ||     5
 Stab: Sleeping          |       |     1 ||     1
Armor: Leather armour    |    27 |    40 ||    67
       Skin              |       |    30 ||    30
Dodge: Dodged            |    58 |   161 ||   219

Table legend: (Time is in decaauts)
 A = Elapsed time spent in this place.
 B = Non-inter-level travel time spent in this place.
 C = Inter-level travel time spent in this place.
 D = Time resting spent in this place.
 E = Time spent auto-exploring this place.
 F = Levels seen in this place.
 G = Mean time per level.
                   A        B        C        D        E       F      G
               +--------+--------+--------+--------+--------+-----+--------+
         Total |   2709 |   2657 |     52 |    750 |   1167 |   5 |  541.8 |
       Dungeon |   2598 |   2546 |     52 |    730 |   1167 |   4 |  649.5 |
       Ossuary |    110 |    110 |      0 |     20 |      0 |   1 |  110.0 |
               +--------+--------+--------+--------+--------+-----+--------+

Top non-repeatable levels by time:
     D:1: 1673 daAuts
     D:3: 442 daAuts
     D:2: 299 daAuts
     D:4: 184 daAuts
 Ossuary: 110 daAuts
